 Dungeon Crawl Stone Soup version 0.21.1-1-g345015f (webtiles) character file.

233 Vesto the Skirmisher (level 6, -18/39 HPs)
             Began as a Gargoyle Fighter on Mar 5, 2018.
             Demolished by an ogre
             ... wielding a +0 giant spiked club
              (22 damage)
             ... on level 4 of the Dungeon.
             The game lasted 00:04:33 (1299 turns).

Vesto the Skirmisher (Gargoyle Fighter)             Turns: 1299, Time: 00:04:34

Health: -18/39     AC: 11    Str: 21    XL:     6   Next: 4%
Magic:  8/8        EV:  7    Int:  8    God:
Gold:   62         SH:  9    Dex: 10    Spells: 7/7 levels left

rFire    . . .     SeeInvis .   a - +0 flail
rCold    . . .     Gourm    .   c - +0 shield
rNeg     + . .     Faith    .   b - +0 scale mail
rPois    ∞         Spirit   .   (no helmet)
rElec    +         Reflect  .   (no cloak)
rCorr    .         Harm     .   (no gloves)
MR       .....                  (no boots)
Stlth    ..........             (no amulet)
HPRegen  0.13/turn              (no ring)
MPRegen  0.11/turn              (no ring)

@: no status effects
A: negative energy resistance 1, electricity resistance, unbreathing,
petrification resistance, rot immunity, AC +4
a: no special abilities


You were on level 4 of the Dungeon.
You were not hungry.

You visited 1 branch of the dungeon, and saw 5 of its levels.

You collected 90 gold pieces.
You spent 28 gold pieces at shops.

Inventory:

Hand Weapons
 a - a +0 flail (weapon)
Armour
 b - a +0 scale mail (worn)
 c - a +0 shield (worn)
Scrolls
 d - a scroll of fear {unknown}
 g - a scroll of noise {unknown}
 i - 6 scrolls of identify
 k - a scroll of immolation {unknown}
 l - a scroll of remove curse {unknown}
 m - a scroll of blinking {unknown}
Potions
 e - a potion of curing
 j - a potion of degeneration {unknown}
Comestibles
 f - a ration
 h - 6 chunks of flesh


   Skills:
 * Level 4.6 Fighting
 * Level 3.4 Maces & Flails
 + Level 3.9 Armour
 * Level 4.5 Shields
 + Level 1.4 Spellcasting


You had 7 spell levels left.
You didn't know any spells.

Dungeon Overview and Level Annotations

Branches:
Dungeon (5/15)
 Temple: D:4-7

Altars:
Ru

Shops:
D:4 ?


Innate Abilities, Weirdness & Mutations

You are resistant to torment.
Your stone body is resilient. (AC +4)
You are immune to poison.
You resist negative energy. (rN+)
You are resistant to electric shocks. (rElec)
You can survive without breathing.
You are immune to petrification.
You are immune to rotting.


Message History

a jackal corpse x2
There is a stone staircase leading up here.
It was a potion of curing.
You feel better.
Your shield and scale mail prevent you from hitting the ogre.
The ogre closely misses you.
You hit the ogre.
The ogre is lightly wounded.
The ogre hits you with a giant spiked club!!
Ouch! That really hurt!
You hit the ogre.
The ogre is moderately wounded.
You hit the ogre but do no damage.
The ogre is moderately wounded.
The ogre hits you with a giant spiked club!
* * * LOW HITPOINT WARNING * * *
You sock the ogre!
The ogre is heavily wounded.
The ogre hits you with a giant spiked club!!
Ouch! That really hurt!
You die...

..#.........#.####............
..#.#######......#..........#
....#...########...∩...####...
.........## #....#.##..##
..........# ###..#......#
..........# #.....##..#
..........# ##...##[.##
.....[...# #####...#..##
...##...#### #.@O....#..
................####..##.
#.###############..(...##
........... ........h...hh#
#.#...##### ###..........##
..###..... ###..####### <.#
####.. #..## ..# #.# ..# ..


You could see an ogre.

Vanquished Creatures
  A water moccasin skeleton (D:4)
  2 hounds
  2 worker ants (D:4)
  Robin (D:2)
  An adder (D:4)
  An ooze (D:4)
  4 dart slugs
  4 orcs
  A giant cockroach (D:4)
  13 goblins
  7 hobgoblins
  3 jackals (D:4)
  A quokka (D:4)
  A bat (D:1)
  2 kobolds
  2 quokka skeletons (D:4)
  A rat (D:1)
47 creatures vanquished.

Notes
Turn   | Place    | Note
-------+----------+-------------------------------------------
     0 | D:1      | Vesto the Gargoyle Fighter began the quest for the Orb.
     0 | D:1      | Reached XP level 1. HP: 14/14 MP: 1/1
    87 | D:1      | Reached XP level 2. HP: 14/19 MP: 2/2
   278 | D:2      | Reached XP level 3. HP: 17/24 MP: 3/3
   289 | D:2      | Noticed Robin
   300 | D:2      | Killed Robin
   676 | D:3      | Found a sacrificial altar of Ru.
   708 | D:3      | Reached XP level 4. HP: 26/29 MP: 3/5
   731 | D:5      | Entered Level 5 of the Dungeon
   798 | D:4      | Reached skill level 1 in Spellcasting
   869 | D:4      | Reached XP level 5. HP: 16/34 MP: 6/6
  1232 | D:4      | Found Cebed's Magic Scroll Boutique.
  1241 | D:4      | Bought a scroll of identify for 28 gold pieces
  1255 | D:4      | Reached XP level 6. HP: 31/39 MP: 6/8
  1299 | D:4      | Demolished by an ogre

Skill      XL: |  1  2  3  4 |
---------------+-------------+-----
Fighting       | 4 |  4.6
Shields        | 4 |  4.5
Spellcasting   | 1 |  1.4
Maces & Flails | 3 |  3.4
Armour         | |  3.9

Action                   |  1- 3 |  4- 6 || total
-------------------------+-------+-------++-------
Melee: Flail             |   114 |    98 ||   212
  Use: Potion            |     1 |     1 ||     2
  Eat: Chunk             |       |     2 ||     2
Armor: Scale mail        |    53 |    51 ||   104
Dodge: Dodged            |    42 |    28 ||    70
Block: Shield            |    71 |    46 ||   117
